 Dungeon Crawl Stone Soup version 0.23-a0-181-g24f899a (webtiles) character file.

3183 wwer the Cleaver (level 9, 57/57 HPs)
             Began as a Gargoyle Berserker on Sept 17, 2018.
             Was a High Priest of Trog.
             Quit the game on level 8 of the Dungeon on Sept 19, 2018.
             The game lasted 00:10:57 (6904 turns).

wwer the Cleaver (Gargoyle Berserker)               Turns: 6904, Time: 00:10:58

Health: 57/57      AC: 26    Str: 24    XL:     9   Next: 95%
Magic:  9/9        EV:  6    Int:  8    God:    Trog [*****.]
Gold:   354        SH: 11    Dex: 14    Spells: 8/8 levels left

rFire    + . .     SeeInvis .   Y - +3 war axe (freeze)
rCold    . . .     Gourm    .   c - +0 shield
rNeg     + . .     Faith    .   h - +3 plate armour {rF+}
rPois    ∞         Spirit   .   t - +0 helmet
rElec    +         Reflect  .   q - +2 cloak
rCorr    +         Harm     .   (no gloves)
MR       .....                  (no boots)
Stlth    ..........             (no amulet)
HPRegen  0.19/turn              j - ring of resist corrosion
MPRegen  0.11/turn              f - +5 ring of dexterity

@: no status effects
A: negative energy resistance 1, electricity resistance, unbreathing,
petrification resistance, rot immunity, AC +6
a: Berserk, Trog's Hand, Brothers in Arms, Renounce Religion


You were on level 8 of the Dungeon.
You worshipped Trog.
Trog was extremely pleased with you.
You were not hungry.

You visited 1 branch of the dungeon, and saw 8 of its levels.

You collected 354 gold pieces.


Innate Abilities, Weirdness & Mutations

You are resistant to torment.
Your stone body is resilient. (AC +6)
You are immune to poison.
You resist negative energy. (rN+)
You are resistant to electric shocks. (rElec)
You can survive without breathing.
You are immune to petrification.
You are immune to rotting.


   Skills:
 - Level 7.0 Fighting
 - Level 9.0 Axes
 - Level 6.0 Armour
 - Level 2.0 Dodging
 + Level 6.6 Shields


You had 8 spell levels left.
You didn't know any spells.
Your spell library was empty.

Inventory:

Hand Weapons
 a - a +2 morningstar of holy wrath
 Y - a +3 war axe of freezing (weapon)
Missiles
 k - 7 javelins of returning
 o - 2 tomahawks (quivered)
Armour
 c - a +0 shield (worn)
 g - a cursed +0 large shield
 h - a +3 plate armour of fire resistance (worn)
 q - a +2 cloak (worn)
 t - a +0 helmet (worn)
Jewellery
 f - a +5 ring of dexterity (right hand)
 j - a ring of resist corrosion (left hand)
Wands
 r - a wand of digging (20)
Scrolls
 i - 3 scrolls of identify
Potions
 b - 2 potions of haste
 l - a potion of might {unknown}
 m - a potion of heal wounds {unknown}
Comestibles
 d - 6 chunks of flesh
 e - 14 rations

Dungeon Overview and Level Annotations

Branches:
Dungeon (8/15)             Temple (0/1) D:7
   Lair: D:8-11

Altars:
Gozag
Ru
Vehumet

Annotations:
D:7 3 runed doors, grindst0ne's ghost, novice DgGl


Message History

You hear the roar of battle.
There is an entrance to a bailey on this level.
Hurry and find it before the Welcome back, wwer the Gargoyle Berserker.
Trog says: Kill them all!
Press ? for a list of commands and other information.
Existing waypoints: (1) D:8 (2) D:8 Assign waypoint to what number? (0-9, D - delete waypoint) Waypoint 2 re-assigned to your current position.
Enter note:
Enter note:
Enter note:
Enter note:
Enter note:
Enter note:
Enter note:
Enter note:
Enter note:
Enter note: Are you sure you want to abandon this character and quit the game? (Confirm

##.###.#.##....# #...#.#
#...#.###.####.# #.#.#>#
#.#.))## ##.#[#.# #.....#
##.#.#.###...#..#
###.#######
##.##..#...###.#####.......#
## .#.#.:.#..............#
#.###......######..###.#
#..........# #..# #.)
#######@...# #..###)# #.####
####....).# #.# #.........#
... .###.#.### ... #.#.# #
#?..# #.#.# # #.... #.# #
..... #.### #....


There were no monsters in sight!

Vanquished Creatures
  Grinder (D:3)
  2 orc warriors
  4 sky beasts
  2 black bears
  An ice beast (D:5)
  2 ogres
  A centaur (D:8)
  A bullfrog (D:7)
  A big kobold (D:7)
  2 scorpions
  5 wights (D:6)
  2 howler monkeys
  8 crimson imps
  2 jellies
  2 quasits
  2 centaur zombies
  3 hounds
  4 orc priests
  3 bullfrog skeletons
  8 orc wizards
  2 iguanas
  Ijyb (D:4)
  5 worker ants
  A worker ant zombie (D:8)
  9 adders
  A shadow imp (D:7)
  4 oozes
  An adder skeleton (D:6)
  2 worms
  2 dart slugs (D:1)
  8 leopard geckos
  29 orcs
  6 giant cockroaches
  5 goblins
  13 hobgoblins
  9 jackals
  6 kobolds
  2 quokkas
  A ball python (D:1)
  6 bats
  5 frilled lizards
  A jackal zombie (D:7)
  A leopard gecko skeleton (D:7)
  2 quokka skeletons
  11 rats
189 creatures vanquished.

Notes
Turn   | Place    | Note
-------+----------+-------------------------------------------
     0 | D:1      | wwer the Gargoyle Berserker began the quest for the Orb.
     0 | D:1      | Reached XP level 1. HP: 14/14 MP: 1/1
     0 | D:1      | 0 ||| counter = 5
    26 | D:1      | 26 ||| INVOKING Berserk.
   238 | D:1      | Reached skill level 3 in Axes
   238 | D:1      | Reached XP level 2. HP: 15/19 MP: 2/2
   671 | D:1      | Reached XP level 3. HP: 21/23 MP: 3/3
   884 | D:1      | Reached ** piety under Trog
   933 | D:1      | Reached skill level 4 in Axes
   994 | D:1      | 994 ||| DROPPING club.
  1142 | D:1      | 1142 ||| UPGRADING to runed ring mail.
  1152 | D:1      | 1152 ||| DROPPING +0 animal skin.
  1153 | D:1      | 1153 ||| UPGRADING to shield.
  1158 | D:1      | 1158 ||| DROPPING scale mail.
  1159 | D:1      | 1159 ||| READING 2 scrolls labeled MAEPPEINNA.
  1160 | D:1      | 1160 ||| READING 2 scrolls labeled QUURINK TOGU.
  1161 | D:1      | 1161 ||| READING scroll labeled QOSCHA MIMUYTAT.
  1162 | D:1      | 1162 ||| READING scroll of identify.
  1162 | D:1      | 1162 ||| IDENTIFYING twisted ivory ring
  1163 | D:1      | 1163 ||| UPGRADING to ring of resist corrosion.
  1164 | D:1      | 1164 ||| DROPPING scroll of fog.
  1302 | D:2      | 1302 ||| SWAPPING to war axe.
  1318 | D:2      | 1318 ||| DROPPING +0 hand axe.
  1401 | D:2      | Reached skill level 1 in Shields
  1406 | D:2      | Reached XP level 4. HP: 26/28 MP: 4/4
  1603 | D:2      | 1603 ||| UPGRADING to chain mail.
  1613 | D:2      | 1613 ||| DROPPING +3 ring mail.
  1614 | D:2      | 1614 ||| READING 2 scrolls of identify.
  1614 | D:2      | 1614 ||| IDENTIFYING shiny agate ring
  1615 | D:2      | 1615 ||| DROPPING cursed ring of teleportation.
  1661 | D:3      | Found a radiant altar of Vehumet.
  1855 | D:3      | Noticed Grinder
  1866 | D:3      | 1866 ||| INVOKING Trog's Hand.
  1874 | D:3      | 1874 ||| INVOKING Berserk.
  1884 | D:3      | Killed Grinder
  1884 | D:3      | Reached XP level 5. HP: 32/32 MP: 5/5
  1884 | D:3      | Reached XP level 6. HP: 37/37 MP: 6/6
  1885 | D:3      | 1885 ||| EATING 10 rations.
  1975 | D:3      | Reached *** piety under Trog
  2247 | D:3      | 2247 ||| READING scroll labeled IFIXYDW PIUTYI.
  2248 | D:3      | 2248 ||| READING 2 scrolls labeled POSSEH PITZOSKUABO.
  2252 | D:3      | 2252 ||| DRINKING 2 purple potions.
  2318 | D:4      | 2318 ||| INVOKING Berserk.
  2483 | D:4      | 2483 ||| INVOKING Berserk.
  2495 | D:4      | Reached skill level 5 in Axes
  2504 | D:4      | 2504 ||| READING scroll of teleportation.
  2508 | D:4      | Reached XP level 7. HP: 36/41 MP: 7/7
  2618 | D:4      | Noticed Ijyb
  2633 | D:4      | 2633 ||| INVOKING Berserk.
  2642 | D:4      | Killed Ijyb
  2665 | D:4      | 2665 ||| EATING 10 rations.
  3149 | D:4      | 3149 ||| INVOKING Berserk.
  3153 | D:4      | Reached skill level 6 in Axes
  3223 | D:4      | Reached **** piety under Trog
  3306 | D:4      | 3306 ||| UPGRADING to embroidered cloak.
  3311 | D:4      | 3311 ||| READING scroll labeled JEHIUTREVAVO.
  3312 | D:4      | 3312 ||| DRINKING 2 black potions.
  3350 | D:4      | 3350 ||| READING 3 scrolls of identify.
  3350 | D:4      | 3350 ||| IDENTIFYING fizzy golden potion
  3351 | D:4      | 3351 ||| READING 2 scrolls of identify.
  3351 | D:4      | 3351 ||| IDENTIFYING lumpy puce potion
  3352 | D:4      | 3352 ||| DROPPING potion of lignification.
  3353 | D:4      | 3353 ||| DROPPING potion of flight.
  3354 | D:4      | 3354 ||| DROPPING potion of ambrosia.
  3377 | D:5      | Entered Level 5 of the Dungeon
  3465 | D:5      | Reached skill level 3 in Armour
  3465 | D:5      | Reached XP level 8. HP: 41/48 MP: 8/8
  3947 | D:5      | Reached skill level 7 in Axes
  4451 | D:5      | 4451 ||| DRINKING 2 dark potions.
  4452 | D:5      | 4452 ||| DROPPING potion of brilliance.
  4481 | D:6      | 4481 ||| STAIRDANCE
  4613 | D:6      | 4613 ||| INVOKING Berserk.
  4656 | D:6      | 4656 ||| INVOKING Berserk.
  4858 | D:6      | 4858 ||| DROPPING whip.
  5115 | D:6      | 5115 ||| STAIRDANCE
  5147 | D:5      | 5147 ||| UPGRADING to runed plate armour.
  5157 | D:5      | 5157 ||| DROPPING +0 chain mail.
  5158 | D:5      | 5158 ||| READING scroll of enchant armour.
  5158 | D:5      | 5158 ||| ENCHANTING +2 plate armour of fire resistance.
  5159 | D:5      | 5159 ||| READING 2 scrolls of identify.
  5159 | D:5      | 5159 ||| IDENTIFYING small wooden ring
  5160 | D:5      | 5160 ||| UPGRADING to +5 ring of dexterity.
  5163 | D:6      | 5163 ||| INVOKING Berserk.
  5170 | D:6      | Reached skill level 8 in Axes
  5170 | D:6      | Reached XP level 9. HP: 54/54 MP: 9/9
  5174 | D:6      | 5174 ||| STAIRDANCE
  5176 | D:5      | 5176 ||| EATING 13 rations.
  5229 | D:6      | 5229 ||| SWAPPING to war axe of freezing.
  5230 | D:6      | 5230 ||| DROPPING +1 war axe.
  5392 | D:7      | 5392 ||| STAIRDANCE
  5457 | D:7      | Reached skill level 6 in Fighting
  5473 | D:7      | Found a staircase to the Ecumenical Temple.
  5617 | D:7      | Reached skill level 6 in Shields
  5686 | D:7      | 5686 ||| INVOKING Berserk.
  5753 | D:7      | 5753 ||| INVOKING Berserk.
  5911 | D:7      | 5911 ||| INVOKING Berserk.
  5965 | D:7      | Found an opulent altar of Gozag.
  5978 | D:7      | Found a runed gate.
  5978 | D:7      | Found a runed gate.
  5978 | D:7      | Found a runed gate.
  5980 | D:7      | Noticed grindst0ne's ghost (novice DgGl)
  6182 | D:7      | Found a sacrificial altar of Ru.
  6408 | D:7      | 6408 ||| UPGRADING to helmet.
  6413 | D:7      | 6413 ||| READING scroll labeled YTOIVVO MAESU.
  6414 | D:7      | 6414 ||| READING scroll labeled MEGHAW AJUMER.
  6415 | D:7      | 6415 ||| READING 3 scrolls of identify.
  6415 | D:7      | 6415 ||| IDENTIFYING dented blue amulet
  6416 | D:7      | 6416 ||| DROPPING cursed amulet of inaccuracy.
  6417 | D:7      | 6417 ||| READING 2 scrolls of identify.
  6417 | D:7      | 6417 ||| IDENTIFYING sedimented emerald potion
  6418 | D:7      | 6418 ||| DROPPING wand of iceblast (9).
  6419 | D:7      | 6419 ||| DROPPING potion of magic.
  6459 | D:8      | 6459 ||| INVOKING Berserk.
  6461 | D:8      | Reached skill level 9 in Axes
  6467 | D:8      | Reached ***** piety under Trog
  6577 | D:8      | 6577 ||| EATING 15 rations.
  6606 | D:8      | Reached skill level 6 in Armour
  6616 | D:8      | 6616 ||| INVOKING Berserk.
  6823 | D:8      | 6823 ||| INVOKING Berserk.
  6827 | D:8      | Received a gift from Trog
  6904 | D:8      | Upgraded the game from 0.23-a0-175-g97aacdb to
                  | 0.23-a0-181-g24f899a
  6904 | D:8      | Quit the game

Vault maps used:
D:1:      eino_arrival_tree_alley
D:2:      first_ration
D:3:      overflow_temple_1_default, kennysheep_generic_room_4, uniq_grinder
D:4:      uniq_ijyb
D:7:      minmay_temple_entry_fiery, ebering_ghost_gozag,
          nicolae_ru_great_annihilating_truth
D:8:      enter_bailey_3, st_stairs_1

Skill      XL: |  1  2  3  4  5  6  7  8  9 |
---------------+----------------------------+-----
Axes           | 3 4 5 6 8 9 |  9.0
Shields        | 1 5 6 |  6.6
Fighting       | 4 5 7 |  7.0
Armour         | 3 4 6 |  6.0
Dodging        | 2 |  2.0

Action                   |  1- 3 |  4- 6 |  7- 9 || total
-------------------------+-------+-------+-------++-------
Melee: Hand axe          |   102 |       |       ||   102
       War axe           |    21 |   164 |   412 ||   597
Throw: Tomahawk          |       |       |    38 ||    38
Invok: Berserk           |     1 |     3 |    11 ||    15
       Trog's Hand       |       |     1 |       ||     1
  Use: Scroll            |     4 |     4 |     9 ||    17
       Potion            |       |     1 |     2 ||     3
 Stab: Paralysed         |       |       |     1 ||     1
  Eat: Chunk             |     3 |     2 |    16 ||    21
       Ration            |       |     1 |     3 ||     4
Armor: Animal skin       |    20 |       |       ||    20
       Ring mail         |    13 |    11 |       ||    24
       Chain mail        |       |    67 |   152 ||   219
       Plate armour      |       |       |    77 ||    77
Dodge: Dodged            |    65 |    36 |    85 ||   186
Block: Shield            |    17 |    69 |   219 ||   305

Table legend:
 A = Non-vault XP
 B = Vault XP
 C = Vault XP percentage of total XP
 D = Non-vault monster count
 E = Vault monster count
 F = Vault count percentage of total count
                 A         B        C        D         E       F
            +---------+---------+-------+---------+---------+-------
      Total |    4084 |     464 |  10.2 |     180 |       9 |   4.8
            +---------+---------+-------+---------+---------+-------
        D:1 |      59 |       0 |   0.0 |      29 |       0 |   0.0
        D:2 |      53 |       0 |   0.0 |      14 |       0 |   0.0
        D:3 |      66 |     264 |  80.0 |      19 |       2 |   9.5
        D:4 |     580 |      36 |   5.8 |      32 |       1 |   3.0
        D:5 |     613 |       0 |   0.0 |      17 |       0 |   0.0
        D:6 |     938 |       0 |   0.0 |      22 |       0 |   0.0
        D:7 |     823 |      54 |   6.2 |      26 |       4 |  13.3
        D:8 |     952 |     110 |  10.4 |      21 |       2 |   8.7
            +---------+---------+-------+---------+---------+-------
